 Dungeon Crawl Stone Soup version 0.31-a0-222-gefeffbb62a (webtiles) character file.

Game seed: 6391206272620599091

571 qw the Chopper (level 7, -2/44 HPs)
             Began as a Gargoyle Fighter on July 4, 2023.
             Slain by Duvessa
             ... wielding a +0 short sword
              (4 damage)
             ... on level 4 of the Dungeon.
             The game lasted 00:01:51 (3653 turns).

qw the Chopper (Gargoyle Fighter)                   Turns: 3653, Time: 00:01:51

Health: -2/44      AC: 17    Str: 22    XL:     7   Next: 34%
Magic:  7/7        EV:  6    Int:  8    God:
Gold:   138        SH:  4    Dex:  9    Spells: 6/6 levels left

rFire   . . .        Y - +1 war axe
rCold   . . .        c - +0 buckler
rNeg    + . .        f - +0 plate armour
rPois   inf          (no helmet)
rElec   +            (no cloak)
rCorr   .            (no gloves)
SInv    .            h - +0 pair of boots
Will    .....        (no amulet) Stlth
                     (no ring)
HPRegen 0.27/turn    (no ring)
MPRegen 0.10/turn

%: no passive effects
@: no status effects
A: sickness immunity, AC +4, negative energy resistance 1, electricity
resistance, torment resistance 1, petrification resistance
a: no special abilities


You were on level 4 of the Dungeon.
You visited 1 branch of the dungeon, and saw 4 of its levels.

You collected 138 gold pieces.


Innate Abilities, Weirdness & Mutations

You are immune to sickness and miasma.
Your stone body is resilient. (AC +4)
You are immune to poison.
You resist negative energy. (rN+)
You are resistant to electric shocks. (rElec)
You are resistant to unholy torment.
You are immune to petrification.


   Skills:
 - Level 4.3 Fighting
 + Level 6.3 Axes
 - Level 1.0 Throwing
 - Level 4.0 Armour
 - Level 3.2 Shields


You had 6 spell levels left.
You didn't know any spells.
Your spell library was empty.

Inventory:

Hand Weapons
 g - a +0 morningstar
 Y - a +1 war axe (weapon)
Missiles
 e - a javelin (quivered)
Armour
 c - a +0 buckler (worn)
 f - a +0 plate armour (worn)
 h - a +0 pair of boots (worn)
Scrolls
 a - 3 scrolls of identify
 k - 2 scrolls of revelation {unknown}
Potions
 b - a potion of attraction {unknown}
 d - 4 potions of might
 i - a potion of cancellation
 j - a potion of haste {unknown}
 l - a potion of degeneration {unknown}
 m - a potion of enlightenment {unknown}

Dungeon Overview and Level Annotations

Branches:
Dungeon (4/15)             Temple (0/1) D:4

Altars:
Wu Jian

Shops:
D:2 *

Annotations:
D:4 Duvessa


Message History

Enter note:
Enter note:
Enter note:
Enter note:
Enter note:
Enter note:
Enter note:
3643 ||| Stepping ~*~*~tactically~*~*~ (stealth).
Duvessa goes berserk!
You hear a shout!
You hit Duvessa but do no damage. Duvessa completely misses you.
You barely miss Duvessa. Duvessa hits you but does no damage.
Duvessa hits you with a +0 short sword!
You hit Duvessa.
Duvessa is lightly wounded.
You block Duvessa's attack.
An orc comes into view. It is wielding a +0 whip.
Duvessa hits you but does no damage.
You closely miss Duvessa.
Duvessa is lightly wounded.
Duvessa hits you but does no damage. Duvessa hits you with a +0 short sword!
You hit Duvessa.
Duvessa is lightly wounded.
Duvessa hits you but does no damage. You block Duvessa's attack.
You completely miss Duvessa.
Duvessa is lightly wounded.
You block Duvessa's attack.
You closely miss Duvessa.
Duvessa is lightly wounded.
Duvessa hits you but does no damage. Duvessa hits you with a +0 short sword!
You slash Duvessa!
Duvessa is moderately wounded.
Duvessa hits you with a +0 short sword. x2; You block the orc's attack.
You slash Duvessa!
Duvessa is moderately wounded.
You slash the orc!
You kill the orc!
Duvessa hits you but does no damage. Duvessa hits you with a +0 short sword.
You die...

..........
....#...........
....#...........
###.........#.>....
##..................
#...................
####.....##........#...
#....e)................
#e ###@......#......%..
#. #.........#.........
#. #.........###...#...
#. #...................
#.####.#...............
#.####.#....####.......
#......#...............
#..###.<...............
#..##...##########.....


You could see Duvessa (berserk).

Vanquished Creatures
  An ice beast (D:3)
  A black bear (D:4)
  An ogre (D:4)
  Dowan (D:4)
  An orc priest (D:4)
  Ijyb (D:3)
  2 iguanas (D:4)
  5 adders
  A worm (D:3)
  5 dart slugs
  3 orcs (D:4)
  9 ball pythons
  8 endoplasms
  3 giant cockroaches
  5 goblins
  9 hobgoblins
  3 quokkas
  19 bats
  2 frilled lizards
  11 kobolds
  A rat (D:2)
92 creatures vanquished.

Notes
Turn   | Place    | Note
-------+----------+-------------------------------------------
     0 | D:1      | qw the Gargoyle Fighter began the quest for the Orb.
     0 | D:1      | Reached XP level 1. HP: 14/14 MP: 1/1
     0 | D:1      | 0 ||| qw: Version: 0.3-a-46-gb1f654a
     0 | D:1      | 0 ||| qw: Game counter: 904
     0 | D:1      | 0 ||| qw: Melee chars always use a shield: true
     0 | D:1      | 0 ||| qw: God list: Okawaru
     0 | D:1      | 0 ||| qw: Allow faded altars: false
     0 | D:1      | 0 ||| qw: Do Orc after clearing Dungeon:15 true
     0 | D:1      | 0 ||| qw: Do second Lair branch before Depths: true
     0 | D:1      | 0 ||| qw: Lair rune preference: random
     0 | D:1      | 0 ||| qw: Goals: Normal, Zot:1-4, Slime:5, God:TSO, Crypt,
                  | Tomb, Abyss, Pan, Hells, Win
     0 | D:1      | 0 ||| PLANNING D:1-11
    36 | D:1      | Reached skill level 2 in Axes
   142 | D:1      | Reached XP level 2. HP: 19/19 MP: 2/2
   222 | D:1      | 222 ||| Stepping ~*~*~tactically~*~*~ (hiding).
   662 | D:1      | 662 ||| DROPPING +0 club.
   709 | D:1      | 709 ||| Stepping ~*~*~tactically~*~*~ (hiding).
   712 | D:1      | 712 ||| Stepping ~*~*~tactically~*~*~ (hiding).
   713 | D:1      | 713 ||| Stepping ~*~*~tactically~*~*~ (hiding).
   840 | D:1      | Reached skill level 3 in Axes
  1005 | D:1      | 1005 ||| Stepping ~*~*~tactically~*~*~ (hiding).
  1006 | D:1      | 1006 ||| Stepping ~*~*~tactically~*~*~ (hiding).
  1011 | D:1      | Reached XP level 3. HP: 23/23 MP: 3/3
  1152 | D:1      | 1152 ||| READING 3 scrolls labelled QOBI JIPSIMOE.
  1153 | D:1      | 1153 ||| READING scroll labelled HEWNIWEUMP.
  1157 | D:1      | 1157 ||| READING scroll labelled ZUIQOE ZIOHOSU.
  1158 | D:1      | 1158 ||| READING scroll labelled CEUTUG CEIRIU.
  1159 | D:1      | 1159 ||| READING 2 scrolls of identify.
  1159 | D:1      | 1159 ||| IDENTIFYING bubbling blue potion
  1175 | D:2      | 1175 ||| Stepping ~*~*~tactically~*~*~ (hiding).
  1259 | D:2      | 1259 ||| Stepping ~*~*~tactically~*~*~ (hiding).
  1262 | D:2      | 1262 ||| Stepping ~*~*~tactically~*~*~ (hiding).
  1412 | D:2      | Found Habbapt's Assorted Antiques.
  1436 | D:2      | 1436 ||| DROPPING +0 whip.
  1448 | D:2      | 1448 ||| SHOPLISTING glowing chain mail (157 gold, have
                  | 25).
  1448 | D:2      | 1448 ||| SHOPLISTING scroll of enchant weapon (157 gold,
                  | have 25).
  1448 | D:2      | 1448 ||| SHOPLISTING scroll of identify (42 gold, have 25).
  1448 | D:2      | 1448 ||| SHOPLISTING shiny chain mail (157 gold, have 25).
  1540 | D:2      | Reached skill level 1 in Throwing
  1666 | D:2      | 1666 ||| Stepping ~*~*~tactically~*~*~ (hiding).
  1761 | D:2      | Reached XP level 4. HP: 28/28 MP: 4/4
  2047 | D:2      | 2047 ||| UPGRADING to +0 plate armour.
  2057 | D:2      | 2057 ||| DROPPING +0 scale mail.
  2058 | D:2      | 2058 ||| READING scroll labelled SEAM PODDICSARR.
  2059 | D:2      | 2059 ||| READING scroll labelled PYTUDU TEHOANISH.
  2160 | D:2      | 2160 ||| READING scroll labelled DUBLUJ AWAAMOY.
  2161 | D:2      | 2161 ||| DRINKING 2 bubbling white potions.
  2162 | D:2      | 2162 ||| DRINKING 2 potions of curing.
  2162 | D:2      | 2162 ||| (to cure confusion)
  2163 | D:2      | 2163 ||| READING 2 scrolls of identify.
  2163 | D:2      | 2163 ||| IDENTIFYING sedimented purple potion
  2164 | D:2      | 2164 ||| DROPPING potion of ambrosia.
  2182 | D:3      | Noticed Ijyb
  2194 | D:3      | 2194 ||| DRINKING potion of curing.
  2194 | D:3      | 2194 ||| (to cure confusion)
  2197 | D:3      | Killed Ijyb
  2198 | D:3      | Reached skill level 4 in Axes
  2217 | D:3      | 2217 ||| Stepping ~*~*~tactically~*~*~ (hiding).
  2311 | D:3      | Identified the +1 dagger "Hobezu Geun" {freeze, +Blink rF-
                  | rN+++ Str+2}
  2332 | D:3      | Found a faded altar of an unknown god.
  2399 | D:3      | 2399 ||| Stepping ~*~*~tactically~*~*~ (stealth).
  2402 | D:3      | 2402 ||| Stepping ~*~*~tactically~*~*~ (hiding).
  2404 | D:3      | 2404 ||| Stepping ~*~*~tactically~*~*~ (hiding).
  2405 | D:3      | 2405 ||| Stepping ~*~*~tactically~*~*~ (hiding).
  2411 | D:3      | Reached XP level 5. HP: 32/32 MP: 5/5
  2521 | D:3      | 2521 ||| DROPPING +0 flail.
  2822 | D:3      | 2822 ||| UPGRADING to +0 pair of boots.
  2839 | D:4      | Noticed an ice beast
  2859 | D:4      | 2859 ||| STAIRDANCE
  2862 | D:3      | Killed an ice beast
  2863 | D:3      | Reached skill level 5 in Axes
  2863 | D:3      | Reached XP level 6. HP: 30/37 MP: 6/6
  2896 | D:4      | 2896 ||| Stepping ~*~*~tactically~*~*~ (hiding).
  2897 | D:4      | 2897 ||| Stepping ~*~*~tactically~*~*~ (hiding).
  2898 | D:4      | 2898 ||| Stepping ~*~*~tactically~*~*~ (hiding).
  2900 | D:4      | 2900 ||| Stepping ~*~*~tactically~*~*~ (hiding).
  2911 | D:4      | 2911 ||| Stepping ~*~*~tactically~*~*~ (stealth).
  2912 | D:4      | 2912 ||| Stepping ~*~*~tactically~*~*~ (stealth).
  2913 | D:4      | 2913 ||| Stepping ~*~*~tactically~*~*~ (stealth).
  2932 | D:4      | HP: 6/37 [ogre/+0 giant club (16)]
  2934 | D:4      | HP: 2/37 [ogre/+0 giant club (4)]
  2945 | D:4      | 2945 ||| FLEEEEING.
  2951 | D:4      | 2951 ||| STAIRDANCE
  3078 | D:4      | 3078 ||| Stepping ~*~*~tactically~*~*~ (stealth).
  3200 | D:4      | 3200 ||| Stepping ~*~*~tactically~*~*~ (hiding).
  3215 | D:4      | 3215 ||| Stepping ~*~*~tactically~*~*~ (stealth).
  3216 | D:4      | 3216 ||| Stepping ~*~*~tactically~*~*~ (stealth).
  3270 | D:4      | Found an ornate altar of the Wu Jian Council.
  3278 | D:4      | Noticed a black bear
  3283 | D:4      | Noticed Dowan
  3285 | D:4      | Killed a black bear
  3286 | D:4      | Reached skill level 6 in Axes
  3286 | D:4      | Reached XP level 7. HP: 44/44 MP: 7/7
  3297 | D:4      | 3297 ||| Stepping ~*~*~tactically~*~*~ (hiding).
  3304 | D:4      | Killed Dowan
  3434 | D:4      | 3434 ||| Stepping ~*~*~tactically~*~*~ (stealth).
  3437 | D:4      | 3437 ||| Stepping ~*~*~tactically~*~*~ (stealth).
  3579 | D:4      | Found a staircase to the Ecumenical Temple.
  3580 | D:4      | 3580 ||| PLANNING TEMPLE
  3632 | D:4      | Noticed Duvessa
  3633 | D:4      | 3633 ||| Stepping ~*~*~tactically~*~*~ (stealth).
  3643 | D:4      | 3643 ||| Stepping ~*~*~tactically~*~*~ (stealth).
  3651 | D:4      | HP: 11/44 [Duvessa/+0 short sword (9)]
  3652 | D:4      | HP: 2/44 [Duvessa/+0 short sword (5)]
  3653 | D:4      | Slain by Duvessa

Levels and vault maps discovered:
D:1:      dpeg_arrival_shrine, layout_loops_corners
D:2:      layout_basic, serial_shops, shop, st_stairs_2
D:3:      layout_rooms, nicolae_ecumenical_snake_handling, saegor_snake_ambush,
          uniq_ijyb
D:4:      layout_basic, nzn_wu_jian_contemplation,
          minmay_temple_entry_from_below_a, roderic_batcave,
          minmay_misc_feat_five, uniq_duvessa

Skill      XL: |  1  2  3  4  5  6  7 |
---------------+----------------------+-----
Axes           | 2 3 4 5 6 |  6.3
Throwing       | 1 |  1.0
Fighting       | 4 |  4.3
Armour         | 4 |  4.0
Shields        | |  3.2

Action                     |  1- 3 |  4- 6 |  7- 9 || total
---------------------------+-------+-------+-------++-------
  Melee: War axe           |    95 |   112 |    29 ||   236
  Throw: Javelin           |    18 |    26 |     4 ||    48
    Use: Scroll            |     5 |     4 |       ||     9
         Potion            |       |     3 |       ||     3
 Armour: Scale mail        |    67 |     2 |       ||    69
         Plate armour      |       |    85 |    13 ||    98
  Dodge: Dodged            |    55 |    38 |     3 ||    96
  Block: Buckler           |    20 |    21 |     8 ||    49

Table legend:
 A = Non-vault XP
 B = Vault XP
 C = Vault XP percentage of total XP
 D = Non-vault monster count
 E = Vault monster count
 F = Vault count percentage of total count
                 A         B        C        D         E       F
            +---------+---------+-------+---------+---------+-------
      Total |     666 |     154 |  18.8 |      73 |      19 |  20.7
            +---------+---------+-------+---------+---------+-------
        D:1 |      34 |       0 |   0.0 |      17 |       0 |   0.0
        D:2 |      38 |      18 |  32.1 |      21 |       3 |  12.5
        D:3 |     160 |      61 |  27.6 |      13 |       8 |  38.1
        D:4 |     434 |      75 |  14.7 |      22 |       8 |  26.7
            +---------+---------+-------+---------+---------+-------
